 Dungeon Crawl Stone Soup version 0.30-a0-782-ge64f9170bb (webtiles) character file.

Game seed: 4394406041874001050

660 Opabinia the Ruffian (level 7, -4/40 HPs)
             Began as a Gargoyle Transmuter on Mar 2, 2023.
             Was an Initiate of Gozag.
             Slain by a hound (5 damage)
             ... on level 5 of the Dungeon on Mar 3, 2023.
             The game lasted 01:18:17 (4832 turns).

Opabinia the Ruffian (Gargoyle Transmuter)          Turns: 4832, Time: 01:18:18

Health: -4/40      AC: 11    Str: 13 (14) XL:     7   Next: 56%
Magic:  10/10      EV: 11    Int: 11 (13) God:    Gozag
Gold:   468        SH:  0    Dex: 10      Spells: 8/11 levels left

rFire   . . .      SeeInvis .      - Unarmed
rCold   + . .      Faith    .    (no shield)
rNeg    + . .      Spirit   .    h - +0 ring mail
rPois   ∞          Reflect  .    (no helmet)
rElec   +          Harm     .    p - +0 cloak
rCorr   .          Rampage  .    (no gloves)
Will    .....                    (no boots)
Stlth   +                        (no amulet)
HPRegen 0.26/turn                (no ring)
MPRegen 0.12/turn                (no ring)

@: flying
A: sickness immunity, AC +4, negative energy resistance 1, electricity
resistance, torment resistance 1, petrification resistance, big wings, cold
resistance 1, weak 1
a: Renounce Religion, Potion Petition, Call Merchant, Bribe Branch


You were on level 5 of the Dungeon.
You worshipped Gozag.
Gozag was aware of your devotion.
You visited 1 branch of the dungeon, and saw 6 of its levels.

You collected 516 gold pieces.
You paid 48 gold pieces to Gozag.

Inventory:

Missiles
 c - a poisoned dart
 i - 4 boomerangs
Armour
 f - an orb of light
 h - a +0 ring mail (worn)
 p - a +0 cloak (worn)
Magical Staves
 e - a staff of conjuration
Wands
 k - a wand of polymorph (5)
Scrolls
 a - 2 scrolls of identify
 d - 2 scrolls of teleportation {unknown}
 g - 2 scrolls of brand weapon
 j - a scroll of silence {unknown}
 m - a scroll of blinking {unknown}
 n - a scroll of fear
 q - a scroll of enchant weapon {unknown}


   Skills:
 * Level 2.7 Fighting
 + Level 0.5 Staves
 * Level 1.4 Throwing
 * Level 3.8 Armour
 + Level 2.5 Dodging
 * Level 2.3 Stealth
 * Level 5.5 Unarmed Combat
 * Level 2.5 Spellcasting
 * Level 1.9 Transmutations


You had 8 spell levels left.
You knew the following spells:

 Your Spells              Type           Power      Damage    Failure   Level
a - Beastly Appendage     Tmut           10%        N/A       26%         1
b - Wereblood             Tmut           5%         N/A       36%         2

Your spell library contained the following spells:

 Spells                   Type           Power      Damage    Failure   Level
 Apportation              Tloc           2%         N/A       50%         1
 Necrotise                Necr           4%         1d4       50%         1
 Summon Small Mammal      Summ           4%         N/A       50%         1
 Blink                    Tloc           2%         N/A       65%         2
 Lesser Beckoning         Tloc           2%         N/A       65%         2
 Momentum Strike          Conj/Tloc      2%         3d8       65%         2
 Spider Form              Tmut/Pois      3%         N/A       75%         3
 Hailstorm                Conj/Ice       1%         3d3       86%         3
 Ice Form                 Ice/Tmut       3%         N/A       98%         4
 Simulacrum               Ice/Necr       Unusable   N/A       N/A         6

Dungeon Overview and Level Annotations

Branches:
Dungeon (6/15)
 Temple: D:4-7

Altars:
Cheibriados
Gozag

Shops:
D:3 *

Annotations:
D:3 2 runed translucent doors
D:5 Dowan, Duvessa, Sigmund


Innate Abilities, Weirdness & Mutations

You are immune to sickness and miasma.
Your stone body is resilient. (AC +4)
You are immune to poison.
You resist negative energy. (rN+)
You are resistant to electric shocks. (rElec)
You are resistant to unholy torment.
You are immune to petrification.
Your large and strong wings let you fly.
Your flesh is cold resistant. (rC+)
You are weak. (Str -2)


Message History

The hound bites you but does no damage.
The scorpion stings you but does no damage.
You hit the scorpion.
The scorpion is moderately wounded.
The hound bites you. Something hits you. The scorpion closely misses you.
The hound closely misses you.
You barely miss the scorpion. Your punch misses the scorpion.
The scorpion is moderately wounded.
The hound bites you but does no damage. The scorpion stings you.
Something hits you but does no damage.
You hit the scorpion.
The scorpion is heavily wounded.
The hound barely misses you.
The scorpion stings you but does no damage.
The jelly closely misses you.
You hit the scorpion.
You punch the scorpion, but do no damage.
The scorpion is severely wounded.
The hound closely misses you.
The scorpion stings you but does no damage.
Something hits you but does no damage. The jelly hits you but does no damage.
The hound closely misses you.
You barely miss the scorpion.
The scorpion is severely wounded.
The scorpion stings you.
* * * LOW HITPOINT WARNING * * *
The hound closely misses you. The jelly barely misses you.
You hit the scorpion but do no damage.
The scorpion is severely wounded.
The hound bites you but does no damage.
The scorpion stings you but does no damage.
Something hits you!
* * * LOW HITPOINT WARNING * * *
The jelly barely misses you.
Okay, then.
It was a potion of magic.
Magic courses through your body. The hound bites you.
* * * LOW HITPOINT WARNING * * *
The scorpion barely misses you. The hound bites you.
You die...
Your body crumbles into a pile of gold.

#. . .. ######## .. .#
#.....o. .. . # #.######
#.#.#. .#. #.# #.....###
.#..#.#
........####.#.)..######
##...##.##............g.
#.....s@J........#######
......h###.####..#
.....{.###.####..#
..........)......#
#.....####.####.##
.....# #.# #.# #.. $
....######.####.# #..##
###.##..........# #....
.......##.####.########


You could see a scorpion, a hound and a jelly.

Vanquished Creatures
  An ogre (D:6)
  A centaur (D:5)
  Blork the orc (D:5)
  2 scorpions
  A gnoll bouda (D:5)
  A hound (D:5)
  An orc wizard (D:3)
  2 iguanas (D:4)
  Natasha (D:4)
  4 gnolls (D:5)
  7 adders
  A worm (D:3)
  3 dart slugs
  9 orcs
  2 endoplasms
  2 giant cockroaches (D:2)
  4 goblins
  2 hobgoblins (D:2)
  4 jackals (D:5)
  2 quokkas (D:1)
  6 ball pythons
  3 bats
  2 kobolds
  5 rats
67 creatures vanquished.

Vanquished Creatures (others)
  2 plants (D:6)
  4 withered plants (D:6)
6 creatures vanquished.

Grand Total: 73 creatures vanquished

Notes
Turn   | Place    | Note
-------+----------+-------------------------------------------
     0 | D:1      | Opabinia the Gargoyle Transmuter began the quest for the
                  | Orb.
     0 | D:1      | Reached XP level 1. HP: 12/12 MP: 3/3
   197 | D:1      | Reached XP level 2. HP: 14/16 MP: 5/5
   514 | D:1      | Learned a level 2 spell: Wereblood
   884 | D:2      | Found a snail-covered altar of Cheibriados.
  1087 | D:2      | Reached XP level 3. HP: 7/20 MP: 3/6
  1681 | D:3      | Reached XP level 4. HP: 25/25 MP: 7/7
  1778 | D:3      | Found Gozag's Platinum Reserve.
  1786 | D:3      | Found an opulent altar of Gozag.
  1830 | D:3      | Became a worshipper of Gozag Ym Sagoz the Greedy
  1937 | D:3      | Found a large runed translucent door.
  1938 | D:3      | Found a large runed translucent door.
  2029 | D:3      | Reached skill level 1 in Armour
  2333 | D:4      | Gained mutation: Your flesh is cold resistant. (rC+)
                  | [potion of mutation]
  2333 | D:4      | Gained mutation: You are frail. (-10% HP) [potion of
                  | mutation]
  2333 | D:4      | Gained mutation: Your body sometimes deteriorates upon
                  | taking damage. [potion of mutation]
  2370 | D:4      | Reached skill level 4 in Unarmed Combat
  2370 | D:4      | Reached XP level 5. HP: 27/27 MP: 8/8
  3052 | D:4      | Noticed Natasha
  3061 | D:4      | Killed Natasha
  3134 | D:5      | Entered Level 5 of the Dungeon
  3223 | D:5      | Noticed an ogre
  3306 | D:6      | Killed an ogre
  3307 | D:6      | Reached skill level 1 in Stealth
  3307 | D:6      | Reached XP level 6. HP: 24/31 MP: 9/9
  3499 | D:6      | Reached skill level 1 in Throwing
  3555 | D:6      | Noticed an ice beast
  3568 | D:5      | Noticed Blork the orc
  3576 | D:5      | Reached skill level 5 in Unarmed Combat
  3598 | D:5      | Killed Blork the orc
  3599 | D:5      | Reached XP level 7. HP: 10/36 MP: 10/10
  3788 | D:5      | Identified the +0 scale mail of Henotheism {Str+4}
  3829 | D:5      | Noticed Sigmund
  3862 | D:5      | Lost mutation: You are frail. (-10% HP) [potion of
                  | mutation]
  3862 | D:5      | Lost mutation: Your body sometimes deteriorates upon taking
                  | damage. [potion of mutation]
  3862 | D:5      | Lost mutation: Your flesh is cold resistant. (rC+) [potion
                  | of mutation]
  3862 | D:5      | Gained mutation: Your large and strong wings let you fly.
                  | [potion of mutation]
  3862 | D:5      | Gained mutation: You are weak. (Str -2) [potion of
                  | mutation]
  3862 | D:5      | Gained mutation: Your flesh is cold resistant. (rC+)
                  | [potion of mutation]
  4174 | D:5      | HP: 1/40 [orc priest/divine providence (15)]
  4628 | D:5      | Noticed Dowan
  4628 | D:5      | Noticed Duvessa
  4832 | D:5      | HP: 1/40 [hound (2)]
  4832 | D:5      | Slain by a hound

Illustrated notes

Levels and vault maps discovered:
D:1:      psy_arrival_basics, layout_loops_ring, minmay_misc_feat_four_crosses,
          minmay_quantized
D:2:      layout_rooms, basic_altar
D:3:      layout_basic, nicolae_gozag_zags_fifth_avenue, jmf_multi_god_temple2
D:4:      layout_gridville, grunt_ministairs_14, uniq_natasha
D:5:      layout_loops_ring, uniq_sigmund, uniq_blork_the_orc, uniq_duvessa
D:6:      layout_cave_pods, grunt_temple_overflow_growth_and_decay

Skill      XL: |  1  2  3  4  5  6  7 |
---------------+----------------------+-----
Dodging        | 2 |  2.5
Armour         | 1 2 3 |  3.8
Unarmed Combat | 4 5 |  5.5
Fighting       | 2 |  2.7
Stealth        | 1 2 |  2.3
Throwing       | 1 |  1.4
Staves         | |  0.5
Spellcasting   | |  2.5
Transmutations | |  1.9

Action                     |  1- 3 |  4- 6 |  7- 9 || total
---------------------------+-------+-------+-------++-------
  Melee: Unarmed           |   141 |    69 |    94 ||   304
         Punch             |     6 |     2 |     3 ||    11
         Staff             |       |    22 |       ||    22
  Throw: Stone             |     1 |       |       ||     1
         Dart              |     5 |    12 |     1 ||    18
         Javelin           |     1 |    28 |       ||    29
   Cast: Wereblood         |     1 |       |       ||     1
  Evoke: Wand              |       |     1 |       ||     1
    Use: Potion            |     1 |     4 |     3 ||     8
         Scroll            |       |     1 |     4 ||     5
 Armour: Robe              |    16 |       |       ||    16
         Ring mail         |    64 |    27 |    63 ||   154
  Dodge: Dodged            |    95 |    61 |    57 ||   213

Table legend: (Time is in decaauts)
 A = Elapsed time spent in this place.
 B = Non-inter-level travel time spent in this place.
 C = Inter-level travel time spent in this place.
 D = Time resting spent in this place.
 E = Time spent auto-exploring this place.
 F = Levels seen in this place.
 G = Mean time per level.
                   A        B        C        D        E       F      G
               +--------+--------+--------+--------+--------+-----+--------+
         Total |   4805 |   4521 |    284 |    318 |   2719 |   6 |  800.8 |
       Dungeon |   4805 |   4521 |    284 |    318 |   2719 |   6 |  800.8 |
               +--------+--------+--------+--------+--------+-----+--------+

Top non-repeatable levels by time:
     D:4: 1177 daAuts
     D:5: 1019 daAuts
     D:1: 881 daAuts
     D:3: 772 daAuts
     D:2: 631 daAuts
     D:6: 323 daAuts
